 Dungeon Crawl Stone Soup version 0.29.0-11-gd7f09526c8 (webtiles) character file.

Game seed: 2106032765724996034

21 greasedhog the Chopper (level 3, -5/33 HPs)
             Began as a Meteoran Berserker on Sept 6, 2022.
             Was a Follower of Trog.
             Slain by Crazy Yiuf
             ... wielding a +3 quarterstaff of chaos
              (11 damage)
             ... on level 2 of the Dungeon.
             The game lasted 00:01:01 (336 turns).

greasedhog the Chopper (Meteoran Berserker)          Turns: 336, Time: 00:01:02

Health: -5/33      AC:  5    Str: 20    XL:     3   Next: 20%
Magic:  4/4        EV: 11    Int: 14    God:    Trog [*.....]
Gold:   19         SH:  3    Dex: 14    Spells: 2/2 levels left

rFire   . . .      SeeInvis .   b - +8 hammer of Twilight {freeze, rElec Int+6}
rCold   . . .      Faith    .   c - +0 buckler
rNeg    . . .      Spirit   .   g - +0 ring mail
rPois   .          Reflect  .   (no helmet)
rElec   +          Harm     .   (no cloak)
rCorr   .          Rampage  .   (no gloves)
Will    .....                   (no boots)
Stlth   +.........              (no amulet)
HPRegen 0.11/turn               (no ring)
MPRegen 0.09/turn               (no ring)

@: lethally poisoned (-5 -> -11), glowing
A: sense surroundings 1, otherworldly, glowing, explore regen
a: Renounce Religion, Berserk


You were on level 2 of the Dungeon.
You worshipped Trog.
Trog was aware of your devotion.
You visited 1 branch of the dungeon, and saw 2 of its levels.

You collected 19 gold pieces.

Inventory:

Hand Weapons
 a - a +0 hand axe
 b - the +8 hammer of Twilight (weapon) {freeze, rElec Int+6}
   (You found it on level 2 of the Dungeon)

   It freezes those it strikes, dealing additional cold damage.
   It can also slow down cold-blooded creatures.
   Int:       It affects your intelligence (+6).
   rElec:     It insulates you from electricity.
Armour
 c - a +0 buckler (worn)
 g - a +0 ring mail (worn)
Jewellery
 d - a ring of protection from cold
Scrolls
 e - a scroll of fear
 f - a scroll of blinking {unknown}


   Skills:
 * Level 3.9 Fighting
 - Level 4.3 Axes
 * Level 0.0(2.8) Maces & Flails
 - Level 2.4 Armour
 - Level 2.4 Dodging


You had 2 spell levels left.
You didn't know any spells.
Your spell library was empty.

Dungeon Overview and Level Annotations

Branches:
Dungeon (2/15) Zot: 859

Altars:

Shops:
D:2 [

Annotations:
D:2 Crazy Yiuf


Innate Abilities, Weirdness & Mutations

You passively map a small area around you.
You are easily found by Zot.
You glow in the dark.
You regain HP and MP as you explore.


Message History

Found a hammer.
There is an open door here.
Found a hammer.
Found a hammer.
You see here the +8 hammer of Twilight {freeze, rElec Int+6}.
b - the +8 hammer of Twilight {freeze, rElec Int+6} You feel clever.
The +8 hammer of Twilight {freeze, rElec Int+6} glows with a cold blue light!
b - the +8 hammer of Twilight (weapon)
{freeze, rElec Int+6} You see here a +0 hammer.
Found a hammer.
Found a runed translucent door.
Crazy Yiuf shouts!
Crazy Yiuf says, "Leather!"
Crazy Yiuf says, "Adder meccalolo stair!"
You see here a +0 hammer.
Found a stone staircase leading up.
Found a stone staircase leading up.
d - a ring of protection from cold Search for what [? for help]? runed You see here a +0 hammer.
You fail to use your ability.
Crazy Yiuf screams, "Gum senile sanguine!"
You open the door. You hit Crazy Yiuf. You freeze Crazy Yiuf.
Crazy Yiuf is heavily wounded.
Crazy Yiuf says, "You senile eyeball!"
Crazy Yiuf hits you with a +3 quarterstaff of chaos.
You are poisoned.
You thump Crazy Yiuf! You freeze Crazy Yiuf.
Crazy Yiuf is almost dead.
You feel very sick.
Crazy Yiuf hits you with a +3 quarterstaff of chaos!
Crazy Yiuf burns you!
* * * LOW HITPOINT WARNING * * *
You fail to use your ability.
* * * LOW HITPOINT WARNING * * *
You feel sick.
Crazy Yiuf grits, "Castle!
Gnoll poople tortoise."
Crazy Yiuf hits you with a +3 quarterstaff of chaos!
You die...

.# #.......#, , .#
#.......# , ,
.######'###### ** + ,
........# * .####...#
........# .####...##♣♣
*### ..###..).#)♣♣
♣♣#..)# *
............♣♣♣♣@g...#
.......)...).♣..♣#...#
* ..#.#....#..♣.♣♣♣
### * ,,
..#.#...##♣♣♣♣♣
........# *
....#..####* * * *
.####..##.#..#.# , , ,
..........#....., ,
.......##.##.#.# ,


You could see Crazy Yiuf.

Vanquished Creatures
  An adder (D:2)
  A ball python (D:1)
  2 endoplasms (D:1)
  4 goblins
  2 hobgoblins
  A frilled lizard (D:2)
11 creatures vanquished.

Notes
Turn   | Place    | Note
-------+----------+-------------------------------------------
     0 | D:1      | greasedhog the Meteoran Berserker began the quest for the
                  | Orb.
     0 | D:1      | Reached XP level 1. HP: 19/19 MP: 2/2
    41 | D:1      | Reached XP level 2. HP: 24/26 MP: 3/3
   105 | D:1      | Reached skill level 4 in Axes
   119 | D:2      | Found Hitacumm's Armour Shoppe.
   163 | D:2      | Reached XP level 3. HP: 13/33 MP: 4/4
   253 | D:2      | Identified the +8 hammer of Twilight {freeze, rElec Int+6}
   258 | D:2      | Found a runed translucent door.
   259 | D:2      | Noticed Crazy Yiuf
   336 | D:2      | Slain by Crazy Yiuf

Illustrated notes

Levels and vault maps discovered:
D:1:      roderic_chinese_lattice_arrival, layout_basic
D:2:      layout_basic, serial_shops, nicolae_shop_waterfront,
          basic_ecumenical_altar, uniq_crazy_yiuf_cottage

Skill      XL: |  1  2 |
---------------+-------+-----
Axes           | 4 |  4.3
Fighting       | |  3.9
Armour         | |  2.4
Dodging        | |  2.4

Action                   || total
-------------------------++-------
Melee: Hand axe          ||    26
       Mace              ||     2
  Use: Scroll            ||     1
Armor: Animal skin       ||     3
Dodge: Dodged            ||    14
Block: Buckler           ||     3
